 Dungeon Crawl Stone Soup version 0.18.1-8-gdd0e5ea (webtiles) character file.

108 sleepydude the Cudgeler (level 4, -1/39 HPs)
             Began as a Minotaur Berserker on June 6, 2016.
             Was a Priest of Trog.
             Slain by Sigmund
             ... wielding a cursed +0 scythe
              (9 damage)
             ... on level 3 of the Dungeon.
             The game lasted 00:07:23 (1823 turns).

sleepydude the Cudgeler (Minotaur Berserker)        Turns: 1823, Time: 00:07:23

Health: -1/39      AC:  2    Str: 22    XL:     4   Next: 58%
Magic:  3/3        EV: 12    Int:  4    God:    Trog [***...]
Gold:   123        SH:  0    Dex: 10    Spells: 0 memorised, 3 levels left

rFire  . . .     SeeInvis .     a - +0 mace
rCold  . . .     Gourm    .     b - +0 animal skin
rNeg   . . .     Faith    .     (no shield)
rPois  .         Spirit   .     (helmet restricted)
rElec  .         Dismiss  .     (no cloak)
rCorr  .         Reflect  .     (no gloves)
SustAt .         Harm     .     (no boots)
MR     .....                    (no amulet)
Stlth  +.........               (no ring)
                                (no ring)

@: not resistant to hostile enchantments, very unstealthy
A: retaliatory headbutt, horns 2
a: Berserk, Trog's Hand, Burn Spellbooks, Renounce Religion


You were on level 3 of the Dungeon.
You worshipped Trog.
Trog was most pleased with you.
You were not hungry.

You visited 1 branch of the dungeon, and saw 3 of its levels.

You collected 123 gold pieces.

Inventory:

Hand Weapons
 a - a +0 mace (weapon)
Armour
 b - a +0 animal skin (worn)
Jewellery
 m - an uncursed ring of fire {unknown}
Scrolls
 h - 3 scrolls of identify
 j - a scroll of teleportation {unknown}
 l - a scroll of enchant weapon {unknown}
 n - 2 scrolls of fog
 p - a scroll of remove curse {unknown}
 q - a scroll of fear {unknown}
 r - a scroll of blinking {unknown}
Potions
 e - a potion of lignification {unknown}
 f - 2 potions of invisibility {unknown}
 g - a potion of brilliance {unknown}
 i - a potion of curing {unknown}
 k - a potion of mutation {unknown}
 o - a potion of might {unknown}
Comestibles
 d - a meat ration


   Skills:
 - Level 3.6 Fighting
 + Level 6.5 Maces & Flails
 - Level 2.4 Armour
 - Level 2.1 Dodging


You had 3 spell levels left.
You didn't know any spells.

Dungeon Overview and Level Annotations

Branches:
Dungeon (3/15)

Altars:
Vehumet

Annotations:
D:3 Sigmund


Innate Abilities, Weirdness & Mutations

You reflexively headbutt those who attack you in melee.
You have a pair of horns on your head.


Message History

Something hits you.
You see here 22 poisoned needles.
No target in view!
No target in view!
You sock something! Something hits you but does no damage.
You barely miss something.
You hear some strange, mumbled words.
A magic dart appears from out of thin air!
The magic dart hits you!
You miss something. You headbutt something. Something hits you.
You barely miss something. Something hits you!
* * * LOW HITPOINT WARNING * * *
You miss something. Your headbutt misses something.
Read which item? (? for menu, Esc to quit)
As you read the scroll labeled CINTIR CAZ, it crumbles to dust.
It is a scroll of identify.
Identify which item? (\ to view known items) (? for menu, Esc to quit)
n - 2 scrolls of fog Something hits you!
You die...

## ###. # ... .# #.##
#.# #.###.# .. #.{..#
..##.#@## ###.##.#.#
...##.#.# #..##.#.#
#..##.#.#########
#.###..##.#.#.......#
#.........#.#.#####.#
#####..####.#.# #.#
#.........## #.#


There were no monsters in sight!

Vanquished Creatures
  2 adders
  4 oozes
  A worm (D:2)
  3 dart slugs (D:1)
  An orc (D:3)
  2 giant cockroaches
  5 goblins
  7 hobgoblins
  8 jackals
  3 ball pythons (D:1)
  5 bats
  2 giant newts
  9 kobolds
  10 rats
62 creatures vanquished.

Notes
Turn   | Place    | Note
--------------------------------------------------------------
     0 | D:1      | sleepydude the Minotaur Berserker began the quest for the Orb.
     0 | D:1      | Reached XP level 1. HP: 19/19 MP: 0/0
    31 | D:1      | Reached skill level 4 in Maces & Flails
   100 | D:1      | Reached XP level 2. HP: 26/26 MP: 1/1
   225 | D:1      | Reached skill level 5 in Maces & Flails
   344 | D:1      | Reached XP level 3. HP: 28/31 MP: 2/2
   392 | D:1      | Reached ** piety under Trog
  1115 | D:2      | Reached XP level 4. HP: 32/39 MP: 3/3
  1236 | D:2      | Reached skill level 6 in Maces & Flails
  1490 | D:2      | Found a radiant altar of Vehumet.
  1631 | D:3      | Reached *** piety under Trog
  1811 | D:3      | Noticed Sigmund
  1823 | D:3      | Slain by Sigmund

Skill      XL: |  1  2  3  4 |
---------------+-------------+-----
Maces & Flails | 4 5 6 |  6.5
Fighting       | |  3.6
Armour         | |  2.4
Dodging        | |  2.1

Action                   |  1- 3 |  4- 6 || total
-------------------------+-------+-------++-------
Melee: Mace              |    77 |    54 ||   131
       Headbutt          |    13 |     7 ||    20
  Use: Scroll            |       |     1 ||     1
 Stab: Sleeping          |     1 |     1 ||     2
  Eat: Pizza             |     1 |       ||     1
       Bread ration      |       |     1 ||     1
Armor: Animal skin       |    14 |    13 ||    27
Dodge: Dodged            |    41 |    40 ||    81
